 Dungeon Crawl Stone Soup version 0.26-a0-649-gf8c6c3aab7 (webtiles) character file.

Game seed: 17311707207428819884

191 DogServant the Insei (level 5, -2/33 HPs)
             Began as an Octopode Transmuter on Sept 27, 2020.
             Slain by a howler monkey (6 damage)
             ... on level 4 of the Dungeon.
             The game lasted 00:05:21 (3310 turns).

DogServant the Insei (Octopode Transmuter)          Turns: 3310, Time: 00:05:22

Health: -2/33      AC:  1    Str:  9    XL:     5   Next: 70%
Magic:  7/8        EV: 14    Int: 16    God:
Gold:   199        SH:  0    Dex: 13    Spells: 5/8 levels left

rFire    . . .     SeeInvis .     - Unarmed
rCold    . . .     Faith    .   (no shield)
rNeg     . . .     Spirit   .   (helmet currently unavailable)
rPois    .         Reflect  .   (no amulet)
rElec    .         Harm     .   (no ring)
rCorr    .         Rampage  .   (no ring)
MR       .....                  (no ring)
Stlth    ++........             (no ring)
HPRegen  0.11/turn              (no ring)
MPRegen  0.11/turn              (no ring)
                                (no ring)
                                (no ring)

@: appendages
A: almost no armour, stealthy swim, amphibious, 8 rings, constrict 8, tentacle
spike 3, camouflage 1, gelatinous body 1
a: End Transformation


You were on level 4 of the Dungeon.
One of your tentacles had a temporary spike.
You visited 1 branch of the dungeon, and saw 4 of its levels.

You collected 199 gold pieces.

Inventory:

Armour
 c - a +0 leather armour
Jewellery
 b - an uncursed ring of positive energy
Scrolls
 a - 6 scrolls of teleportation {unknown}
 f - 3 scrolls of identify {unknown}
 g - 2 scrolls of enchant armour {unknown}
 h - 3 scrolls of remove curse {unknown}
 j - 2 scrolls of immolation {unknown}
 n - a scroll of blinking {unknown}
 p - a scroll of enchant weapon {unknown}
Potions
 d - a potion of flight {unknown}
 e - a potion of mutation {unknown}
 i - a potion of degeneration {unknown}
 k - a potion of stabbing {unknown}
 l - a potion of cancellation {unknown}
 m - a potion of curing {unknown}
 o - a potion of might {unknown}


   Skills:
 - Level 1.0 Fighting
 + Level 3.6 Dodging
 + Level 4.3 Unarmed Combat
 - Level 2.1 Spellcasting
 + Level 3.3 Transmutations


You had 5 spell levels left.
You knew the following spells:

 Your Spells              Type           Power        Failure   Level
a - Beastly Appendage     Tmut           ##....       5%          1
b - Wereblood             Tmut           ##......     8%          2

Your spell library contained the following spells:

 Spells                   Type           Power        Failure   Level
 Spider Form              Tmut/Pois      #.........   30%         3
 Ice Form                 Ice/Tmut       #.......     71%         4
 Blade Hands              Tmut           ##........   82%         5


Dungeon Overview and Level Annotations

Branches:
Dungeon (4/15)
 Temple: D:4-7

Altars:


Innate Abilities, Weirdness & Mutations

You cannot wear most types of armour.
You are very stealthy in the water. (Stealth+)
You are amphibious.
You can wear up to eight rings at the same time.
You can use your tentacles to constrict eight enemies at once.
Your skin changes colour to match your surroundings (Stealth+).
Your rubbery body absorbs attacks. (AC +1, EV +1)
One of your tentacles bears a large vicious spike.


Message History

Things that are here:
a cursed -1 short sword; 18 stones You tentacle-slap the howler monkey.
Your grab misses the howler monkey.
You pierce the howler monkey, but do no damage.
The howler monkey is lightly wounded.
The howler monkey hoots and howls with incredible vigour!
You hear an angry hiss.
You hear a shout!
You barely miss the howler monkey. You grab the howler monkey.
The howler monkey is lightly wounded.
You constrict the howler monkey. The howler monkey hits you!
* * * LOW HITPOINT WARNING * * *
You tentacle-slap the howler monkey.
The howler monkey is moderately wounded.
You constrict the howler monkey.
The howler monkey hoots and howls with incredible vigour!
You hear an angry hiss.
You hear a shout! x2
You tentacle-slap the howler monkey.
The howler monkey is severely wounded.
You constrict the howler monkey. The howler monkey hits you.
You die...

.........#
.........#
........<
......##.....#
#....#.....#.
#.$..#.......
#....#.......
#.#....#.......
#....h@#.....#
.......##'#.....#
#######(........#
+.....#+###
#.......
..........#
#######....#
....# ....#


You could see a howler monkey (catching breath).

Vanquished Creatures
  7 adders
  An ooze (D:1)
  A worm (D:2)
  7 dart slugs
  5 leopard geckos
  10 orcs
  3 giant cockroaches
  7 goblins
  6 hobgoblins
  11 jackals
  8 kobolds
  11 bats
  10 frilled lizards
  9 rats
96 creatures vanquished.

Notes
Turn   | Place    | Note
-------+----------+-------------------------------------------
     0 | D:1      | DogServant the Octopode Transmuter began the quest for the
                  | Orb.
     0 | D:1      | Reached XP level 1. HP: 13/13 MP: 3/3
   125 | D:1      | Reached XP level 2. HP: 15/18 MP: 3/5
   352 | D:1      | Learned a level 2 spell: Wereblood
   457 | D:1      | Reached XP level 3. HP: 15/23 MP: 4/6
  1381 | D:2      | Reached XP level 4. HP: 12/28 MP: 5/7
  1980 | D:2      | Reached skill level 4 in Unarmed Combat
  2245 | D:2      | Reached XP level 5. HP: 33/33 MP: 8/8
  2781 | D:3      | Found a faded altar of an unknown god.
  3310 | D:4      | Slain by a howler monkey

Illustrated notes

Levels and vault maps discovered:
D:1:      dpeg_arrival_shelter, layout_loops_ring, minmay_misc_feat_five,
          supply_closet_lemuel, serial_bayou_pond_e, minmay_ruptured
D:2:      minmay_diamond_boxcup, layout_rooms, minmay_bisected
D:3:      layout_rooms, chequers_ecumenical_altar_grove
D:4:      layout_basic, nicolae_overflow_crystal_walls

Skill      XL: |  1  2  3  4  5 |
---------------+----------------+-----
Dodging        | 3 |  3.6
Unarmed Combat | 4 |  4.3
Transmutations | 3 |  3.3
Fighting       | |  1.0
Spellcasting   | |  2.1

Action                   |  1- 3 |  4- 6 || total
-------------------------+-------+-------++-------
Melee: Unarmed           |    75 |   136 ||   211
       Tentacles         |    14 |    20 ||    34
       Constrict         |    21 |    43 ||    64
       Kick              |    10 |    22 ||    32
       Punch             |       |     2 ||     2
 Cast: Beastly Appendage |     9 |    13 ||    22
 Stab: Sleeping          |     3 |     6 ||     9
       Distracted        |     1 |     1 ||     2
Armor: Skin              |     5 |    13 ||    18
Dodge: Dodged            |    41 |    94 ||   135

Table legend: (Time is in decaauts)
 A = Elapsed time spent in this place.
 B = Non-inter-level travel time spent in this place.
 C = Inter-level travel time spent in this place.
 D = Time resting spent in this place.
 E = Time spent auto-exploring this place.
 F = Levels seen in this place.
 G = Mean time per level.
                   A        B        C        D        E       F      G
               +--------+--------+--------+--------+--------+-----+--------+
         Total |   3294 |   3265 |     29 |    637 |   2127 |   4 |  823.5 |
       Dungeon |   3294 |   3265 |     29 |    637 |   2127 |   4 |  823.5 |
               +--------+--------+--------+--------+--------+-----+--------+

Top non-repeatable levels by time:
     D:1: 1325 daAuts
     D:2: 1069 daAuts
     D:3: 829 daAuts
     D:4: 69 daAuts
